 Dungeon Crawl Stone Soup version 0.30-a0-772-g5528072125 (webtiles) character file.

Game seed: 1396904902665979984

601 Mickster the Covered (level 6, -16/51 HPs)
             Began as a Demigod Wanderer on Feb 12, 2023.
             Demolished by Dittersdorf's ghost (19 damage)
             ... on level 5 of the Dungeon.
             The game lasted 00:51:17 (5181 turns).

Mickster the Covered (Demigod Wanderer)             Turns: 5181, Time: 00:51:17

Health: -16/51     AC: 10    Str: 23    XL:     6   Next: 96%
Magic:  11/11      EV: 10    Int: 13    God:
Gold:   258        SH:  0    Dex: 14    Spells: 7/8 levels left

rFire   . . .      SeeInvis .    v - +2 short sword of Strategic Superiority {flame, Dex+2}
rCold   + + .      Faith    .    (no shield)
rNeg    . . .      Spirit   .    q - +1 scale mail {rC+}
rPois   .          Reflect  .    (helmet restricted)
rElec   .          Harm     .    k - +0 cloak
rCorr   .          Rampage  .    n - +0 pair of gloves
Will    .....                    (no boots) Stlth
                                 (no amulet)
HPRegen 0.28/turn                (no ring)
MPRegen 0.12/turn                (no ring)

@: no status effects
A: high MP 1, forlorn, divine attributes, horns 1, cold resistance 1
a: no special abilities


You were on level 5 of the Dungeon.
You visited 1 branch of the dungeon, and saw 5 of its levels.

You collected 258 gold pieces.

Inventory:

Hand Weapons
 g - a +0 trident
 j - a +3 hand axe of draining
 p - a +2 heavy flail
 t - a +0 sling
 v - the +2 short sword of Strategic Superiority (weapon) {flame, Dex+2}
   (You found it on level 5 of the Dungeon)

   Dex:       It affects your dexterity (+2).
Missiles
 b - 7 poisoned darts (quivered)
 c - 21 stones
Armour
 e - a +0 ring mail
 i - a +0 chain mail
 k - a +0 cloak (worn)
 m - a +0 leather armour
 n - a +0 pair of gloves (worn)
 o - a +0 helmet
 q - a +1 scale mail of cold resistance (worn)
Wands
 a - a wand of roots (3)
 u - a wand of mindburst (8)
 x - a wand of flame (21)
Scrolls
 d - a scroll of fear
 h - a scroll of teleportation
 l - 4 scrolls of identify
 r - a scroll of enchant weapon {unknown}
 s - 4 scrolls of poison
 w - a scroll of amnesia {unknown}
Potions
 f - 2 potions of curing


   Skills:
 + Level 3.0 Fighting
 - Level 1.2 Short Blades
 - Level 3.1(3.2) Axes
 * Level 1.1(2.3) Maces & Flails
 + Level 2.0 Throwing
 + Level 3.4 Armour
 + Level 2.1 Dodging
 + Level 1.0 Stealth
 + Level 1.6 Spellcasting
 + Level 1.1 Transmutations
 + Level 3.3 Poison Magic


You had 7 spell levels left.
You knew the following spells:

 Your Spells              Type           Power      Damage    Failure   Level
a - Sting                 Tmut/Pois      24%        1d4       26%         1

Your spell library contained the following spells:

 Spells                   Type           Power      Damage    Failure   Level
 Spider Form              Tmut/Pois      6%         N/A       61%         3
 Sublimation of Blood     Necr           1%         N/A       69%         2
 Ignite Poison            Fire/Tmut/Pois 4%         N/A       71%         3
 Mephitic Cloud           Conj/Pois/Air  3%         N/A       77%         3
 Stone Arrow              Conj/Erth      2%         3d7       89%         3
 Petrify                  Tmut/Erth      2%         N/A       99%         4
 Animate Armour           Summ/Erth      2%         N/A       100%        4
 Sticky Flame             Conj/Fire      1%         2d3       100%        4
 Irradiate                Conj/Tmut      1%         3d12      100%        5
 Ignition                 Fire           0%         3d3       100%        8
 Lehudib's Crystal Spear  Conj/Erth      0%         10d2      100%        8


Dungeon Overview and Level Annotations

Branches:
Dungeon (5/15)
 Temple: D:4-7

Annotations:
D:5 Dittersdorf's ghost, novice GrFi


Innate Abilities, Weirdness & Mutations

You have an increased reservoir of magic. (+10% MP)
You shall have no god before yourself.
Your divine heritage dramatically boosts your attributes as you level up.
You have a pair of small horns on your head.
Your flesh is cold resistant. (rC+)


Message History

HP restored.
You start waiting.
Done waiting.
You open the door.
There is an open door here.
You open the door.
There is an open door here.
Found 2 stones.
Found a stone.
Found 6 stones.
Found 6 large rocks.
Dittersdorf's ghost turns its malevolent gaze towards you.
You feel agile.
The +2 short sword of Strategic Superiority {flame, Dex+2} bursts into flame!
v - the +2 short sword of Strategic Superiority (weapon)
{flame, Dex+2} You open the gate.
You hit Dittersdorf's ghost but do no damage.
Your headbutt misses Dittersdorf's ghost.
Dittersdorf's ghost hits you but does no damage.
You hit Dittersdorf's ghost but do no damage.
You punch Dittersdorf's ghost, but do no damage.
Dittersdorf's ghost closely misses you.
You hit Dittersdorf's ghost but do no damage.
Your headbutt misses Dittersdorf's ghost.
You barely miss Dittersdorf's ghost. Dittersdorf's ghost hits you.
You hit Dittersdorf's ghost but do no damage.
Your headbutt misses Dittersdorf's ghost.
Dittersdorf's ghost hits you!!
You hit Dittersdorf's ghost but do no damage.
You headbutt Dittersdorf's ghost, but do no damage.
Dittersdorf's ghost hits you!!
* * * LOW HITPOINT WARNING * * *
You closely miss Dittersdorf's ghost.
Your headbutt misses Dittersdorf's ghost.
Dittersdorf's ghost hits you!
* * * LOW HITPOINT WARNING * * *
You hit Dittersdorf's ghost.
Dittersdorf's ghost is lightly damaged.
Dittersdorf's ghost hits you!!
You die...

....###### #.# #............
.........###.# #............
#......#.....# #..........÷.
.........##### ###'#####....
.#....#..# ########### #....
.........# ####..#(..(.#
#.... ..#..#...#
#.....#...(.# ####'
.........# #..#..'.(...# #.
...##....# #....@W...((# #.
.........# #.##..'..(..# #.
..#..#...# #.##..#♣...♣######
#. .........#
#.##..#.....##...# #.
.#....#..# #.############.#.#
#. .........# #.# #.#.#.#.#
##
#......#.###.########.#.#.#.#
......................#.#.#.#
###.......##.##########.#.#.#


You could see Dittersdorf's ghost.

Vanquished Creatures
  Sigmund (D:2)
  2 phantoms (D:5)
  A scorpion (D:5)
  Jessica (D:2)
  2 iguanas (D:5)
  Terence (D:3)
  6 adders
  2 ufetubi
  4 worms
  2 dart slugs
  5 orcs (D:4)
  8 ball pythons
  4 bats
  5 endoplasms (D:1)
  2 giant cockroaches
  6 goblins
  3 hobgoblins
  3 quokkas (D:1)
  6 frilled lizards
  9 kobolds
  7 rats
80 creatures vanquished.

Vanquished Creatures (others)
  12 plants (D:3)
12 creatures vanquished.

Grand Total: 92 creatures vanquished

Notes
Turn   | Place    | Note
-------+----------+-------------------------------------------
     0 | D:1      | Mickster the Demigod Wanderer began the quest for the Orb.
     0 | D:1      | Mickster set off with the following items: a +0 short
                  | sword, 7 poisoned darts, a +0 dagger, a scroll of fear, a
                  | +0 leather armour; and the following spell memorised:
                  | Sting; and the following spells available to memorise:
                  | Spider Form, Mephitic Cloud.
     0 | D:1      | Reached XP level 1. HP: 17/17 MP: 4/4
   373 | D:1      | Reached XP level 2. HP: 23/24 MP: 1/6
  1310 | D:2      | Reached XP level 3. HP: 29/29 MP: 7/7
  1593 | D:2      | Noticed Sigmund
  1601 | D:2      | Killed Sigmund
  1602 | D:2      | Reached skill level 1 in Axes
  1602 | D:2      | Reached skill level 1 in Transmutations
  1602 | D:2      | Reached XP level 4. HP: 24/37 MP: 9/9
  1602 | D:2      | Reached XP level 5. HP: 27/42 MP: 10/10
  1848 | D:2      | Noticed Jessica
  1856 | D:2      | Killed Jessica
  2021 | D:2      | Gained mutation: You have a pair of small horns on your
                  | head. [potion of mutation]
  2021 | D:2      | Gained mutation: Your flesh is cold resistant. (rC+)
                  | [potion of mutation]
  2505 | D:3      | Noticed Terence
  2518 | D:3      | Killed Terence
  3477 | D:4      | Reached XP level 6. HP: 49/50 MP: 11/11
  4077 | D:5      | Entered Level 5 of the Dungeon
  4430 | D:5      | Identified the +2 short sword of Strategic Superiority
                  | {flame, Dex+2}
  4608 | D:5      | Reached skill level 1 in Stealth
  4660 | D:5      | Reached skill level 1 in Maces & Flails
  5162 | D:5      | Found a runed translucent gate.
  5162 | D:5      | Found a runed translucent gate.
  5163 | D:5      | Found a runed translucent gate.
  5168 | D:5      | Noticed Dittersdorf's ghost (novice GrFi)
  5180 | D:5      | HP: 2/51 [Dittersdorf's ghost (9)]
  5181 | D:5      | Demolished by Dittersdorf's ghost

Illustrated notes

Levels and vault maps discovered:
D:1:      ncdulo_smallfort, layout_loops_ring, minmay_quantized
D:2:      layout_loops_ring, uniq_jessica, uniq_sigmund
D:3:      layout_loops_corners, chequers_big_river, uniq_terence
D:4:      layout_basic
D:5:      layout_basic, mainiacjoe_overflow_alcove_4, minitemple,
          ebering_ghost_rock_garden, minivault_23, dk_noncrumbling_3,
          minmay_misc_feat_more_columns, minmay_crystal_water

Skill      XL: |  1  2  3  4  5  6 |
---------------+-------------------+-----
Fighting       | 2 3 |  3.0
Throwing       | 2 |  2.0
Poison Magic   | 3 |  3.3
Axes           | 1 2 3 |  3.1
Armour         | 2 3 |  3.4
Transmutations | 1 |  1.1
Dodging        | 2 |  2.1
Stealth        | 1 |  1.0
Maces & Flails | 1 |  1.1
Short Blades   | |  1.2
Spellcasting   | |  1.6

Action                     |  1- 3 |  4- 6 || total
---------------------------+-------+-------++-------
  Melee: Short sword       |   100 |    21 ||   121
         Hand axe          |    16 |   106 ||   122
         Punch             |     1 |     3 ||     4
         Headbutt          |       |    20 ||    20
         Flail             |       |    24 ||    24
   Cast: Sting             |    11 |     1 ||    12
    Use: Potion            |     2 |     3 ||     5
         Scroll            |     3 |     4 ||     7
 Armour: Ring mail         |    25 |       ||    25
         Chain mail        |    33 |     9 ||    42
         Scale mail        |       |    52 ||    52
         Leather armour    |       |     7 ||     7
  Dodge: Dodged            |    51 |   104 ||   155

Table legend: (Time is in decaauts)
 A = Elapsed time spent in this place.
 B = Non-inter-level travel time spent in this place.
 C = Inter-level travel time spent in this place.
 D = Time resting spent in this place.
 E = Time spent auto-exploring this place.
 F = Levels seen in this place.
 G = Mean time per level.
                   A        B        C        D        E       F      G
               +--------+--------+--------+--------+--------+-----+--------+
         Total |   5235 |   4989 |    246 |    880 |      0 |   5 | 1047.0 |
       Dungeon |   5235 |   4989 |    246 |    880 |      0 |   5 | 1047.0 |
               +--------+--------+--------+--------+--------+-----+--------+

Top non-repeatable levels by time:
     D:1: 1251 daAuts
     D:5: 1128 daAuts
     D:2: 1052 daAuts
     D:3: 921 daAuts
     D:4: 882 daAuts
